 Dungeon Crawl Stone Soup version bcrawl-1.39.1 (webtiles) character file.

Game seed: 12812259284094525462

107638 Finalfun the Sneak (level 6, 33/33 HPs)
             Began as a Felid Transmuter on Sept 21, 2023.
             Was an Initiate of Dithmenos.
             Quit the game on level 6 of the Dungeon.
             The game lasted 00:22:42 (4164 turns).

Finalfun the Sneak (Felid Transmuter)               Turns: 4164, Time: 00:22:43

Health: 33/33      AC:  2    Str:  6    XL:     6   Next: 24%
Magic:  10/10      EV: 19    Int: 15    God:    Dithmenos [......]
Gold:   364        SH:  0    Dex: 18    Spells: 6/9 levels left
                                        Lives:  0   Deaths: 2

rFire    . . .     GDR:     29%   - Teeth and claws (9.4)
rCold    . . .     SeeInvis +   (shield unavailable)
rNeg     . . .     Gourm    .   (armour unavailable)
rPois    .         Faith    .   (helmet unavailable)
rElec    .         Spirit   .   (cloak restricted)
rCorr    .         Reflect  .   (gloves unavailable)
MR       .....                  (boots unavailable)
Stlth    ++++......             (no amulet)
HPRegen  0.15/turn              (no ring)
MPRegen  0.12/turn              (no ring)

@: quick
A: very small, no armour, no weapons or thrown items, stealth, claws 1, fangs 3,
see invisible, carnivore, speed 1, shaggy fur 2, slow metabolism 1, sharp paws
a: Renounce Religion


You were on level 6 of the Dungeon.
You worshipped Dithmenos.
Dithmenos was noncommittal.
You were not hungry.

You visited 2 branches of the dungeon, and saw 7 of its levels.

You collected 364 gold pieces.

Inventory:

Missiles
 a - 410 arrows
Jewellery
 n - an uncursed ring of resist corrosion {unknown}
Scrolls
 b - 2 scrolls of enchant armour
 g - 2 scrolls of revelation
 h - 2 scrolls of immolation
 i - a scroll of identify
 j - 2 scrolls of remove curse {unknown}
 k - 2 scrolls of teleportation {unknown}
 l - a scroll of fear
 p - a scroll of enchant weapon {unknown}
Potions
 c - 2 potions of lignification
 d - 3 potions of mutation
 f - 4 potions of cancellation
 m - 2 potions of curing
Comestibles
 e - 7 rations {!d}


   Skills:
 - Level 4.0 Fighting
 - Level 4.0 Dodging
 - Level 6.0 Stealth
 - Level 5.0 Unarmed Combat
 - Level 2.4 Spellcasting
 - Level 5.0 Transmutations
 + Level 3.0 Invocations


You had 6 spell levels left.
You knew the following spells:

 Your Spells              Type           Power        Failure   Level  Hunger
a - Beastly Appendage     Tmut           ###...       2%          1    None
b - Sticks to Snakes      Tmut           ###.....     4%          2    ##.....

Your spell library contained the following spells:

 Spells                   Type           Power        Failure   Level  Hunger
 Passwall                 Tmut/Erth      #.......     12%         2    ##.....
 Spider Form              Tmut/Pois      #..          22%         3    ####...
 Ice Form                 Ice/Tmut       #.......     58%         4    ######.
 Blade Hands              Tmut           ###.......   58%         5    #######


Dungeon Overview and Level Annotations

Branches:
Dungeon (6/12)             Temple (1/1) D:5

Altars:
Ashenzari
Cheibriados
Dithmenos
Elyvilon
Fedhas
Gozag
Hepliaklqana
Kikubaaqudgha
Lugonu
Makhleb
Okawaru
Qazlal
Ru
Sif Muna
Trog
Vehumet
Wu Jian
Xom
Yredelemnul
Zin
The Shining One

Shops:
D:5 !

Annotations:
D:4 exclusions: 2 ogres and slave, Grinder
D:5 exclusion: ice beast, Sigmund
D:6 exclusions: jelly, orc warrior and orc wizard


Innate Abilities, Weirdness & Mutations

You cannot wear almost all types of armour.
You are incapable of wielding weapons or throwing items.
Your paws allow you to move quietly. (Stealth)
You have sharp claws.
You have razor-sharp teeth.
You have supernaturally acute eyesight. (SInv)
You are carnivorous and can eat meat at any time.
You cover ground quickly.
You are covered in thick fur. (AC +2)
You have a slow metabolism.
Your sharp claws are effective at attacking unaware monsters.


Message History

Your ball python grabs the iguana.
Your ball python constricts the iguana.
The iguana bites you!
You scratch the iguana.
You headbutt the iguana, but do no damage.
The iguana is lightly wounded.
The worker ant dies!
Dithmenos accepts your kill.
Your adder looks stronger.
The bullfrog skeleton hits you!
Your adder bites the iguana.
The iguana is poisoned.
Your adder poisons the iguana!
Your ball python bites the iguana but does no damage.
Your ball python constricts the iguana.
The bullfrog skeleton hits you! The iguana bites you!
You die...
Your shape twists and changes as you die.
You're not done yet!
You are now level 6!
Your horns disappear.
You rejoin the land of the living...
Are you sure you want to abandon this character and quit the game? (Confirm with "yes".)

##.........#.##.............
#.<........#.####............
######.........#..<......%.......
..#.#........####..#.............
.....#.......# ##.##............
....####..#### #.##.....#.....
.....###..## ###..##.....#..#
......##...####.........#....# .
#.##............@#....###.#### ..
...#............###.#.#....# ...
..........#...#.# ###.#...Z#.....
..........#.###..# ##...S†S......
..#............. ......SlS......
#..........###.. .......###.....
...........# ##. ....... ..!..
...........# #. ......# ....
...........# ...... #...


There were no monsters in sight!

Vanquished Creatures
  A black bear (D:5)
  A scorpion (D:5)
  An orc priest (D:4)
  A quasit (D:5)
  2 hounds
  A bullfrog skeleton (D:6)
  An orc wizard (D:4)
  2 worker ants
  A worker ant zombie (D:4)
  A howler monkey zombie (D:5)
  3 adders
  A shadow imp (D:4)
  3 oozes
  2 adder skeletons
  5 worms
  A dart slug (D:2)
  7 leopard geckos
  8 orcs
  4 ball pythons
  5 bats
  2 giant cockroaches
  5 goblins
  9 hobgoblins
  3 jackals (D:1)
  4 quokkas
  2 frilled lizards (D:1)
  8 kobolds
  2 quokka zombies (D:5)
  11 rats
97 creatures vanquished.

Vanquished Creatures (collateral kills)
  A worker ant (D:6)
  A shadow imp (D:5)
  2 orcs (D:5)
4 creatures vanquished.

Grand Total: 101 creatures vanquished

Notes
Turn   | Place    | Note
-------+----------+-------------------------------------------
     0 | D:1      | Finalfun the Felid Transmuter began the quest for the Orb.
     0 | D:1      | Reached XP level 1. HP: 10/10 MP: 4/4
    21 | D:1      | Reached skill level 1 in Stealth
   123 | D:1      | Reached skill level 2 in Stealth
   140 | D:1      | Reached XP level 2. HP: 6/14 MP: 4/6
   355 | D:1      | Reached skill level 3 in Stealth
   661 | D:1      | Reached XP level 3. HP: 18/18 MP: 7/7
   726 | D:1      | Reached skill level 4 in Stealth
  1249 | D:2      | Found a shadowy altar of Dithmenos.
  1586 | D:3      | Reached XP level 4. HP: 22/22 MP: 8/8
  1865 | D:3      | Learned a level 2 spell: Sticks to Snakes
  1871 | D:3      | Found a faded altar of an unknown god.
  1927 | D:3      | Reached skill level 5 in Unarmed Combat
  2313 | D:4      | Reached XP level 5. HP: 14/25 MP: 7/9
  2427 | D:4      | Noticed an ogre
  2470 | D:4      | Noticed an ogre
  2746 | D:4      | Gained mutation: You are covered in thick fur. (AC +2)
                  | [Felid growth]
  2746 | D:4      | Reached XP level 6. HP: 32/32 MP: 10/10
  2831 | D:4      | Noticed a slave
  2934 | D:4      | Noticed Grinder
  3104 | D:5      | Entered Level 5 of the Dungeon
  3105 | D:5      | Reached skill level 5 in Stealth
  3194 | D:5      | Found Ronazul's Distillery.
  3195 | D:5      | Noticed Sigmund
  3196 | D:5      | Reached skill level 6 in Stealth
  3196 | D:5      | Reached XP level 7. HP: 37/37 MP: 11/11
  3333 | D:5      | Found a staircase to the Ecumenical Temple.
  3345 | Temple   | Entered the Ecumenical Temple
  3634 | Temple   | Became a worshipper of Dithmenos the Shadowed
  3860 | D:5      | Identified the +8 spear of Waseqal {pierce, Str+4}
  3934 | D:5      | Reached skill level 5 in Transmutations
  3980 | D:5      | HP: 1/37 [scorpion (4)]
  3988 | D:5      | Slain by a phantom
  3989 | D:5      | Reached XP level 6. HP: -1/33 MP: 0/10
  4029 | D:6      | Reached skill level 1 in Invocations
  4142 | D:6      | Noticed an orc warrior
  4143 | D:6      | Reached XP level 7. HP: 37/37 MP: 11/11
  4163 | D:6      | Slain by an iguana
  4164 | D:6      | Reached XP level 6. HP: -1/33 MP: 1/10
  4164 | D:6      | Quit the game

Skill      XL: |  1  2  3  4  5  6  7 |
---------------+----------------------+-----
Stealth        | 2 3 4 6 |  6.0
Unarmed Combat | 4 5 |  5.0
Dodging        | 3 4 |  4.0
Fighting       | 3 4 |  4.0
Transmutations | 5 |  5.0
Invocations    | 2 3 |  3.0
Spellcasting   | |  2.4

Action                   |  1- 3 |  4- 6 |  7- 9 || total
-------------------------+-------+-------+-------++-------
Melee: Unarmed           |   104 |   106 |    46 ||   256
       Bite              |     6 |    13 |     4 ||    23
       Headbutt          |     4 |    17 |    13 ||    34
       Punch             |       |     3 |     1 ||     4
 Cast: Beastly Appendage |    15 |    18 |     8 ||    41
       Sticks to Snakes  |       |     2 |    17 ||    19
 Abil: End Transformatio |     1 |       |       ||     1
  Use: Scroll            |       |     5 |     2 ||     7
 Stab: Sleeping          |    14 |     7 |     1 ||    22
       Distracted        |       |     1 |       ||     1
  Eat: Chunk             |    11 |     7 |     3 ||    21
Armor: Skin              |     4 |    10 |     3 ||    17
Dodge: Dodged            |    50 |    80 |    46 ||   176
